 Dungeon Crawl Stone Soup version 0.27-a0-1188-g73eefd5def (webtiles) character file.

Game seed: 10500730999132334023

58 bande the Covered (level 4, -5/28 HPs)
             Began as a Gargoyle Fighter on May 20, 2021.
             Slain by Crazy Yiuf
             ... wielding a +4 quarterstaff of chaos
              (24 damage)
             ... on level 2 of the Dungeon.
             The game lasted 00:01:42 (2002 turns).

bande the Covered (Gargoyle Fighter)                Turns: 2002, Time: 00:01:43

Health: -5/28      AC: 10    Str: 20    XL:     4   Next: 1%
Magic:  4/4        EV:  7    Int:  8    God:
Gold:   8          SH:  9    Dex: 10    Spells: 3/3 levels left

rFire    . . .     SeeInvis .   a - +1 war axe
rCold    . . .     Faith    .   c - +0 kite shield
rNeg     + . .     Spirit   .   b - +0 scale mail
rPois    ∞         Reflect  .   (no helmet)
rElec    +         Harm     .   (no cloak)
rCorr    .         Rampage  .   (no gloves)
Will     .....                  (no boots)
Stlth    ..........             (no amulet)
HPRegen  0.09/turn              (no ring)
MPRegen  0.09/turn              (no ring)

@: no status effects
A: sickness immunity, AC +3, negative energy resistance 1, electricity
resistance, torment resistance 1, petrification resistance
a: no special abilities


You were on level 2 of the Dungeon.
You visited 1 branch of the dungeon, and saw 2 of its levels.

You collected 8 gold pieces.

Inventory:

Hand Weapons
 a - a +1 war axe (weapon)
 h - a +0 flail
Armour
 b - a +0 scale mail (worn)
 c - a +0 kite shield (worn)
Scrolls
 f - 3 scrolls of amnesia
 g - 2 scrolls of noise {unknown}
 i - a scroll of enchant weapon
Potions
 d - 2 potions of might
 e - 2 potions of curing


   Skills:
 + Level 3.5 Fighting
 + Level 2.6 Axes
 + Level 4.1 Armour
 + Level 0.2 Dodging
 + Level 3.6 Shields


You had 3 spell levels left.
You didn't know any spells.
Your spell library was empty.

Dungeon Overview and Level Annotations

Branches:
Dungeon (2/15)

Altars:

Annotations:
D:2 Crazy Yiuf


Innate Abilities, Weirdness & Mutations

You are immune to sickness and miasma.
Your stone body is resilient. (AC +3)
You are immune to poison.
You resist negative energy. (rN+)
You are resistant to electric shocks. (rElec)
You are resistant to unholy torment.
You are immune to petrification.


Message History

h - a +0 flail
Things that are here:
a +0 spear; a gnoll corpse You see here a +0 club.
d - 2 potions of might (gained 1)
i - a scroll of enchant weapon Partly explored, can't reach some places.
Partly explored, can't reach some places.
You hit the fungus.
The fungus begins to die.
The fungus is lightly damaged.
You hit the fungus.
The fungus begins to die.
You hit the fungus.
The fungus begins to die.
You slash the fungus!
The fungus begins to die.
You hit the fungus.
The fungus is lightly damaged.
You hit the fungus. You slash the fungus! You hit the fungus.
You slash the fungus!
The fungus is lightly damaged.
You hit the fungus. x3; A nearby fungus withers and dies.
You slash the fungus!
The fungus is lightly damaged.
You hit the fungus. You slash the fungus!
A nearby fungus withers and dies. x3
Found a glowing mace.
Found a runed translucent door.
Crazy Yiuf shouts!
Crazy Yiuf screams, "Fire King head!"
You open the door.
Crazy Yiuf yells, "Tonal!
Shower tea poople."
You slash Crazy Yiuf!
Crazy Yiuf is heavily wounded.
Crazy Yiuf barely misses you.
Crazy Yiuf hits you with a +4 quarterstaff of chaos.
Crazy Yiuf burns you.
You closely miss Crazy Yiuf.
Crazy Yiuf is heavily wounded.
Crazy Yiuf closely misses you.
You hit Crazy Yiuf.
Crazy Yiuf is severely wounded.
Crazy Yiuf hits you with a +4 quarterstaff of chaos.
Space warps horribly around you!!
Ouch! That really hurt!
You die...

#.......#.#.#......##...##.####'#
.###....#.################.......
.###....#.# #...........
...######.# ##### #....#......
.#.# ##+## #..)# #....+......
.#.# #...# #...# ##...#......
...#####...# ... ##...#......
#..#.......# #g# #...........
...#..##...# ##@# ######......
..)#.......# #.## #...........
...#.#.....# ##.# #...........
...#.#.....# #.## #...........
...#.#....## ##.## #...........
.....#.....# #...## #........#..
###.#.....## #P...# #........#..
......♣♣..# #....# ##########..
......♣P..#####..## #..


You could see Crazy Yiuf.

Vanquished Creatures
  3 gnolls (D:2)
  A worm (D:2)
  3 endoplasms
  4 goblins
  2 hobgoblins
  2 kobolds
  A quokka (D:2)
  3 ball pythons (D:1)
  4 bats
  2 frilled lizards (D:1)
  3 rats
28 creatures vanquished.

Vanquished Creatures (others)
  4 fungi (D:2)
  4 toadstools (D:1)
8 creatures vanquished.

Grand Total: 36 creatures vanquished

Notes
Turn   | Place    | Note
-------+----------+-------------------------------------------
     0 | D:1      | bande the Gargoyle Fighter began the quest for the Orb.
     0 | D:1      | Reached XP level 1. HP: 14/14 MP: 1/1
   145 | D:1      | Reached XP level 2. HP: 15/19 MP: 2/2
   212 | D:1      | Found a faded altar of an unknown god.
  1479 | D:2      | Reached XP level 3. HP: 23/23 MP: 3/3
  1743 | D:2      | Reached skill level 4 in Armour
  1751 | D:2      | Reached XP level 4. HP: 13/28 MP: 4/4
  1995 | D:2      | Found a runed translucent door.
  1996 | D:2      | Noticed Crazy Yiuf
  2002 | D:2      | Slain by Crazy Yiuf

Illustrated notes

Levels and vault maps discovered:
D:1:      ldierk_walled_garden_2, layout_basic,
          ebering_ecumenical_altar_sacrificial, chequers_serial_rivers_room_b
D:2:      layout_basic, hangedman_decor_opposing, serial_park_tiny_2,
          serial_park_tiny_2, uniq_crazy_yiuf_cottage

Skill      XL: |  1  2  3 |
---------------+----------+-----
Axes           | 2 |  2.6
Armour         | 4 |  4.1
Fighting       | |  3.5
Dodging        | |  0.2
Shields        | |  3.6

Action                   |  1- 3 |  4- 6 || total
-------------------------+-------+-------++-------
Melee: War axe           |    86 |     7 ||    93
  Use: Scroll            |     4 |       ||     4
Armor: Scale mail        |    50 |       ||    50
Dodge: Dodged            |    30 |     2 ||    32
Block: Kite shield       |    57 |       ||    57

Table legend: (Time is in decaauts)
 A = Elapsed time spent in this place.
 B = Non-inter-level travel time spent in this place.
 C = Inter-level travel time spent in this place.
 D = Time resting spent in this place.
 E = Time spent auto-exploring this place.
 F = Levels seen in this place.
 G = Mean time per level.
                   A        B        C        D        E       F      G
               +--------+--------+--------+--------+--------+-----+--------+
         Total |   2062 |   2048 |     14 |    273 |   1538 |   2 | 1031.0 |
       Dungeon |   2062 |   2048 |     14 |    273 |   1538 |   2 | 1031.0 |
               +--------+--------+--------+--------+--------+-----+--------+

Top non-repeatable levels by time:
     D:1: 1164 daAuts
     D:2: 897 daAuts
